Map: Daybreak LE

Players

Leenock

  • Race: Zerg Zerg
  • Spawn Location: 7:00

soO - Winner!

  • Race: Zerg Zerg
  • Spawn Location: 1:00

Event: IEM Season 11 - Gyeonggi

VOD

Have the link to the VOD?

Description

Time

  • Played on: Dec. 13, 2016, 10:56 p.m.
  • Length: 4:53

All games in this series

Show
View Real Time Build Order
Export as new Build Order

Leenock Zerg 

Build Orders: Hatch First 

Get SALT Encoding   

  12  0:00  Drone  
  13  0:12  Overlord  
  13  0:17  Drone  
  14  0:30  Drone  
  14  0:31  Drone  
  14  0:35  Drone  
  17  0:52  Hatchery  
  17  0:54  Drone  
  17  0:58  Drone  
  18  1:06  Extractor  
  17  1:12  Spawning Pool  
  17  1:17  Drone  
  17  1:20  Drone  
  18  1:28  Drone  
  19  1:38  Overlord  
  19  1:53  Drone  
  20  1:59  Queen  
  20  2:00  Drone  
  23  2:03  Queen  
  23  2:05  Drone  
  23  2:07  Metabolic Boost  
  26  2:12  Drone  
  26  2:15  Drone  
  28  2:21  Drone  
  29  2:25  Zergling x2  
  30  2:32  Drone  
  31  2:38  Drone  
  32  2:45  Hatchery  
  32  2:50  Baneling Nest, Drone  
  31  2:56  Drone  
  31  2:57  Zergling x2  
  33  3:00  Overlord  
  33  3:12  Zergling x4  
  35  3:13  Zergling x2  
  35  3:18  Overlord  
  35  3:19  Zergling x4  
  39  3:20  Zergling x2  
  39  3:22  Zergling x2  
  39  3:24  Zergling x2  
  40  3:29  Zergling x2  
  40  3:33  Baneling x2  
  41  3:42  Overlord  
  41  3:43  Drone x4  
  41  3:45  Drone  
  41  3:47  Drone  
  40  3:50  Zergling x2  
  40  3:52  Zergling x2  
  40  4:03  Zergling x4  
  40  4:04  Zergling x2  
  40  4:05  Zergling x2  
  40  4:07  Baneling  
  40  4:08  Zergling x4  
  45  4:23  Drone  
  45  4:24  Drone x6  
  49  4:28  Zergling x2  
  49  4:30  Zergling x4  
  52  4:32  Zergling x2  
  52  4:36  Extractor  
  48  4:38  Evolution Chamber  
Show
View Real Time Build Order
Export as new Build Order

soO Zerg - Winner!

Build Orders: Hatch First 

Get SALT Encoding   

  12  0:00  Drone  
  13  0:13  Overlord  
  13  0:17  Drone  
  14  0:31  Drone x2  
  16  0:35  Drone  
  17  0:52  Hatchery  
  17  0:55  Drone  
  17  0:58  Drone  
  18  1:09  Extractor  
  17  1:13  Spawning Pool  
  17  1:16  Drone  
  17  1:20  Drone  
  18  1:29  Drone  
  19  1:39  Overlord  
  19  1:51  Drone  
  20  1:59  Queen  
  20  2:01  Zergling x2  
  23  2:03  Queen  
  23  2:04  Zergling x2  
  26  2:08  Metabolic Boost  
  26  2:12  Drone  
  27  2:16  Drone  
  28  2:23  Drone  
  28  2:25  Drone  
  28  2:29  Baneling Nest  
  29  2:33  Drone  
  29  2:36  Drone  
  31  2:50  Hatchery  
  30  2:53  Drone x2  
  30  2:58  Overlord  
  32  3:02  Zergling x2  
  33  3:06  Drone  
  33  3:09  Overlord  
  34  3:13  Zergling x4  
  34  3:15  Baneling  
  34  3:16  Baneling  
  36  3:20  Zergling x4  
  36  3:24  Zergling x2  
  39  3:28  Zergling x4  
  40  3:47  Baneling x2  
  40  3:48  Zergling x16  
  47  4:00  Baneling  
  44  4:03  Zergling x4  
  44  4:04  Queen  
  44  4:06  Zergling x4  
  50  4:14  Overlord  
  49  4:21  Zergling x6  
  51  4:25  Drone  
  51  4:26  Drone  
  51  4:28  Drone x2  
  51  4:29  Overlord  
  54  4:35  Drone  
  54  4:36  Roach Warren  
  52  4:40  Drone  

Tags
 
Add a new tag
Caveats
  • Supply blocks, unpowered buildings, or Contaminate may cause inaccurate times.
  • Supply counts are checked every 10 seconds.